 Dungeon Crawl Stone Soup version 0.28-a0-991-g956f0ee3d5 (webtiles) character file.

Game seed: 9005857403639477057

3160 vurker the Zephyrmancer (level 9, 0/44 HPs)
             Began as a Felid Air Elementalist on Dec 4, 2021.
             Was a Believer of Vehumet.
             Slain by a reaper (44 damage)
             ... in an ice cave.
             The game lasted 00:20:05 (19653 turns).

vurker the Zephyrmancer (Felid Air Elementalist)   Turns: 19653, Time: 00:20:06

Health: 0/44       AC:  2    Str:  4    XL:     9   Next: 62%
Magic:  12/24      EV: 17    Int: 21    God:    Vehumet [**....]
Gold:   767        SH:  0    Dex: 17    Spells: 22/29 levels left
                                        Lives:  0   Deaths: 3

rFire   . . .      SeeInvis +   (weapon unavailable)
rCold   + . .      Faith    .   (shield unavailable)
rNeg    . . .      Spirit   .   (armour unavailable)
rPois   +          Reflect  .   (helmet unavailable)
rElec   .          Harm     .   (cloak unavailable)
rCorr   .          Rampage  .   (gloves unavailable)
Will    +....                   (boots unavailable)
Stlth   ++........              (no amulet)
HPRegen 0.14/turn               m - ring of poison resistance
MPRegen 0.19/turn               o - ring of protection from cold

@: quick
A: very small, claws 1, fangs 3, see invisible, speed 1, shaggy fur 2, stealthy
paws, no weapons or thrown items, no armour, multi-lived
a: Renounce Religion


You were in an ice cave.
You worshipped Vehumet.
Vehumet was pleased with you.
You visited 2 branches of the dungeon, and saw 14 of its levels.
You also visited: Ice Cave.

You collected 767 gold pieces.

Inventory:

Jewellery
 a - a ring of positive energy
   (You found it on level 1 of the Dungeon)
 m - a ring of poison resistance (left paw)
   (You found it on level 4 of the Dungeon)
 o - a ring of protection from cold (right paw)
   (You found it on level 5 of the Dungeon)
 x - a ring of protection from fire
   (You found it on level 6 of the Dungeon)
Wands
 d - a wand of iceblast (4)
   (You took it off Ijyb on level 4 of the Dungeon)
 q - a wand of polymorph (10)
   (You found it on level 7 of the Dungeon)
 t - a wand of flame (5)
   (You took it off a goblin on level 9 of the Dungeon)
 u - a wand of paralysis (2)
   (You found it in an ice cave)
Scrolls
 b - 4 scrolls of fear
 f - a scroll of fog
 g - a scroll of blinking
 r - a scroll of acquirement {unknown}
 v - 2 scrolls of teleportation
 w - 3 scrolls of amnesia
Potions
 c - a potion of cancellation
 e - 3 potions of lignification
 h - 7 potions of curing
 i - a potion of brilliance
 j - 2 potions of invisibility
 k - 2 potions of degeneration {unknown}
 l - a potion of heal wounds {unknown}
 n - a potion of mutation {unknown}
 p - 2 potions of berserk rage {unknown}
 s - 2 potions of ambrosia {unknown}


   Skills:
 + Level 7.9 Fighting
 - Level 2.6 Dodging
 - Level 2.6 Stealth
 * Level 10.6 Spellcasting
 - Level 3.0 Conjurations
 - Level 3.0 Necromancy
 * Level 10.8 Air Magic


You had 22 spell levels left.
You knew the following spells:

 Your Spells              Type           Power      Damage    Failure   Level
a - Shock                 Conj/Air       100%       1d9       1%          1
c - Airstrike             Air            27%        N/A       1%          4
q - Sublimation of Blood  Necr           23%        N/A       2%          2

Your spell library contained the following spells:

 Spells                   Type           Power      Damage    Failure   Level
 Freeze                   Ice            44%        1d6       6%          1
 Poisonous Vapours        Pois/Air       66%        N/A       1%          2
 Static Discharge         Conj/Air       40%        N/A       1%          2
 Swiftness                Air            54%        N/A       1%          3
 Sting                    Tmut/Pois      44%        1d5       6%          1
 Dazzling Flash           Conj/Hex       34%        N/A       10%         3
 Gell's Gravitas          Tloc           11%        N/A       19%         3
 Teleport Other           Tloc           11%        N/A       19%         3
 Iskenderun's Mystic Bla  Conj/Tloc      17%        2d5       32%         4
 Olgreb's Toxic Radiance  Pois           11%        N/A       52%         4
 Petrify                  Tmut/Erth      11%        N/A       52%         4
 Irradiate                Conj/Tmut      8%         3d16      65%         5
 Starburst                Conj/Fire      8%         6d4       99%         6
 Dispersal                Tloc           5%         N/A       100%        6


Dungeon Overview and Level Annotations

Branches:
Dungeon (13/15)            Temple (1/1) D:5            Lair (0/6) D:8
  IceCv (1/1)
    Orc: D:9-12      Vaults: D:13-14

Altars:
Ashenzari
Cheibriados
Dithmenos
Elyvilon
Fedhas
Gozag
Hepliaklqana
Kikubaaqudgha
Makhleb
Nemelex Xobeh
Okawaru
Qazlal
Ru
Sif Muna
Trog
Uskayaw
Vehumet
Wu Jian
Xom
Yredelemnul
Zin
The Shining One

Annotations:
D:8 3 runed translucent doors, casual's ghost, novice DsTm


Innate Abilities, Weirdness & Mutations

You have sharp claws.
You have razor-sharp teeth.
You have supernaturally acute eyesight. (SInv)
You cover ground quickly. (Speed+)
You are covered in thick fur. (AC +2)
Your paws help you pounce on unaware monsters.
You are incapable of wielding weapons or throwing items.
You cannot wear armour.
You gain extra lives every three experience levels.


Message History

The air twists around and strikes the wolf simulacrum!
Vehumet accepts your kill.
You can't see any susceptible monsters within range! (Use Z to cast anyway.)
An ufetubus comes into view.
Aim: an ufetubus (wandering, hasn't noticed you, empty space bonus: 4/8)
The air twists around and strikes the ufetubus!
You kill the ufetubus!
Vehumet accepts your kill.
You feel your power returning.
You can't see any susceptible monsters within range! (Use Z to cast anyway.)
You can't see any susceptible monsters within range! (Use Z to cast anyway.)
Found a scroll of noise.
Found a condenser vane.
A death yak simulacrum comes into view.
Aim: a death yak simulacrum (wandering, hasn't noticed you, empty space bonus: 2/8)
The air twists around and strikes the death yak simulacrum!
Aim: a death yak simulacrum (moderately damaged, empty space bonus: 2/8)
The air twists around and strikes the death yak simulacrum!
The death yak simulacrum completely misses you.
Aim: a death yak simulacrum (severely damaged, empty space bonus: 2/8)
The air twists around and strikes the death yak simulacrum!
Vehumet accepts your kill.
A reaper comes into view. It is wielding a +2 scythe of freezing.
Aim: a reaper, wielding a +2 scythe of freezing (freezing vapour, empty space bonus: 2/8)
The air twists around and strikes the reaper!
An entropy weaver simulacrum comes into view.
The reaper is engulfed in freezing vapours.
The reaper misses you.
The entropy weaver simulacrum moves out of view.
Okay, then.
Aim: a reaper, wielding a +2 scythe of freezing (moderately wounded, empty space bonus: 3/8)
The air twists around and strikes the reaper but does no damage.
The reaper draws a finger across its throat.
The reaper closely misses you.
Aim: a reaper, wielding a +2 scythe of freezing (moderately wounded, empty space bonus: 3/8)
The air twists around and strikes the reaper.
The reaper hits you from afar with a +2 scythe of freezing!!
The reaper freezes you.
You don't have enough magic to cast this spell.
A reaper is nearby!
Aim: a reaper, wielding a +2 scythe of freezing (wandering, hasn't noticed you, empty space bonus: 4/8)
The air twists around and strikes the reaper but does no damage.
Aim: a reaper, wielding a +2 scythe of freezing (empty space bonus: 6/8)
The air twists around and strikes the reaper!
The reaper says, "Everyone has to die sometime, and your time is now."
Aim: a reaper, wielding a +2 scythe of freezing (lightly wounded, empty space bonus: 5/8)
The air twists around and strikes the reaper.
The reaper hits you from afar with a +2 scythe of freezing!!!
Ouch! That really hurt!
You die...

.## #..###...#
..# #..#
##..#### #.#
##.# #...#.##
#.# ##..#
#...#..# .##
#..## ##...###
.## #..#
#####..# ..##
##.####.####.#
#..###..#
#}..##..#
#...#..##
#.⌠.##@##
##.....#
#?..2..# #....##
##.#..## #...##
##.#####
##..##≈≈#.##.##
####..≈≈###.#°.#
#.#.##≈≈≈###2#
.#.## ≈#≈# #.#
#.## # ≈..##


You could see a reaper.

Vanquished Creatures
  An ice statue (IceCv)
  A gargoyle (D:11)
  A torpor snail (D:13)
  Maggie (D:6)
  An unseen horror (D:12)
  2 anaconda simulacra (IceCv)
  A komodo dragon (D:11)
  3 trolls
  A hornet (D:6)
  A meliai zombie (D:11)
  A slime creature (D:13)
  A shadow (D:9)
  A dire elephant simulacrum (IceCv)
  A wraith (D:11)
  12 yaks
  A steam dragon (D:7)
  2 death yak simulacra (IceCv)
  A harpy simulacrum (IceCv)
  An acid dragon (D:13)
  4 water moccasins
  2 orc warriors
  An ice beast (D:7)
  A hornet zombie (D:5)
  4 sky beasts
  6 ogres
  2 black bears
  3 wolves (D:8)
  A centaur (D:8)
  A phantom (D:7)
  A gnoll sergeant (D:9)
  2 kobold brigands
  A bullfrog (D:9)
  A wyvern zombie (D:6)
  A cane toad simulacrum (IceCv)
  2 scorpions
  3 two-headed ogre simulacra (IceCv)
  6 killer bees (D:8)
  2 elephant simulacra (IceCv)
  4 howler monkeys
  3 electric eels (D:8)
  2 centaur zombies
  7 hounds
  A centaur skeleton (D:5)
  4 orc priests
  A gnoll shaman (D:9)
  Ijyb (D:4)
  2 iguanas
  15 orc wizards
  6 spriggan simulacra (IceCv)
  7 troll simulacra (IceCv)
  2 killer bee zombies
  2 wolf simulacra (IceCv)
  A howler monkey zombie (D:9)
  Robin (D:2)
  2 howler monkey skeletons (D:4)
  7 adders
  11 gnolls
  4 naga simulacra (IceCv)
  10 white imps
  8 ufetubi
  2 adder skeletons
  3 worms
  A dart slug (D:4)
  28 orcs
  6 endoplasms
  3 giant cockroaches
  9 hobgoblins
  3 jackals (D:1)
  3 quokkas
  11 ball pythons
  10 bats
  3 frilled lizards
  17 goblins
  15 kobolds
  5 rats
298 creatures vanquished.

Vanquished Creatures (others)
  2 plants (D:4)
2 creatures vanquished.

Grand Total: 300 creatures vanquished

Notes
Turn   | Place    | Note
-------+----------+-------------------------------------------
     0 | D:1      | vurker the Felid Air Elementalist began the quest for the
                  | Orb.
     0 | D:1      | Reached XP level 1. HP: 7/7 MP: 4/4
   432 | D:1      | Reached skill level 1 in Conjurations
   695 | D:1      | Reached XP level 2. HP: 12/12 MP: 0/6
  1249 | D:1      | Reached XP level 3. HP: 15/15 MP: 4/7
  1255 | D:1      | Reached skill level 1 in Fighting
  2152 | D:2      | Reached XP level 4. HP: 19/19 MP: 5/9
  2168 | D:2      | Noticed Robin
  2191 | D:2      | Killed Robin
  2644 | D:2      | Found a faded altar of an unknown god.
  3200 | D:3      | Reached XP level 5. HP: 18/22 MP: 2/10
  3274 | D:3      | Found a broken altar of Ashenzari.
  3509 | D:3      | Found a sacrificial altar of Ru.
  3597 | D:4      | Found a white marble altar of Elyvilon.
  4208 | D:4      | Noticed an ogre
  4210 | D:4      | Noticed a black bear
  4226 | D:4      | Killed an ogre
  4227 | D:4      | Gained mutation: You are covered in thick fur. (AC +2)
                  | [Felid growth]
  4227 | D:4      | Reached XP level 6. HP: 26/26 MP: 6/12
  4374 | D:4      | Found an iron altar of Okawaru.
  4374 | D:4      | Found a glowing golden altar of the Shining One.
  4439 | D:4      | Found a hazy altar of Hepliaklqana.
  4526 | D:4      | Found a stormy altar of Qazlal.
  4528 | D:4      | Found a faded altar of an unknown god.
  4636 | D:4      | Noticed Ijyb
  4653 | D:4      | Killed Ijyb
  4848 | D:4      | Noticed a sky beast
  4868 | D:3      | Learned a level 4 spell: Airstrike
  4952 | D:4      | Reached XP level 7. HP: 28/30 MP: 5/14
  5769 | D:5      | Entered Level 5 of the Dungeon
  5816 | D:5      | Reached skill level 5 in Air Magic
  5945 | D:5      | Found a staircase to the Ecumenical Temple.
  5969 | D:4      | Reached skill level 5 in Spellcasting
  6093 | Temple   | Entered the Ecumenical Temple
  6581 | D:5      | Reached XP level 8. HP: 19/35 MP: 3/17
  7618 | D:5      | Learned a level 2 spell: Sublimation of Blood
  7620 | D:6      | Noticed Maggie
  7852 | D:6      | Reached skill level 1 in Necromancy
  8149 | D:6      | Killed Maggie
  8150 | D:6      | Reached XP level 9. HP: 21/40 MP: 1/20
  8610 | D:6      | Found a burning altar of Makhleb.
  8657 | D:6      | Reached skill level 5 in Fighting
  9224 | D:6      | Slain by an orc
  9225 | D:6      | Reached XP level 8. HP: 0/37 MP: 1/19
  9229 | D:6      | Found a burning altar of Makhleb.
  9276 | D:6      | Killed a hornet
 10092 | D:7      | Reached XP level 9. HP: 40/40 MP: 0/21
 10596 | D:7      | Found a shadowy altar of Dithmenos.
 11237 | D:8      | Noticed a troll
 11941 | D:8      | Killed a troll
 12204 | D:8      | Reached XP level 10. HP: 46/46 MP: 2/23
 12680 | D:8      | Found a staircase to the Lair.
 13208 | D:8      | Found a shimmering altar of Xom.
 13209 | D:8      | Found an ancient bone altar of Kikubaaqudgha.
 13209 | D:8      | Found a hide-covered altar of Uskayaw.
 13271 | D:8      | Found a runed translucent gate.
 13271 | D:8      | Found a runed translucent gate.
 13271 | D:8      | Found a runed translucent gate.
 13271 | D:8      | Noticed casual's ghost (novice DsTm)
 13630 | D:9      | Found a radiant altar of Vehumet.
 13638 | D:9      | Became a worshipper of Vehumet
 14920 | D:10     | Entered Level 10 of the Dungeon
 15265 | D:10     | Reached * piety under Vehumet
 15265 | D:10     | Offered knowledge of Foxfire by Vehumet.
 15513 | D:10     | You fall into a shaft and drop 3 floors!
 15588 | D:13     | Noticed a boulder beetle
 15594 | D:13     | Noticed a torpor snail
 15594 | D:13     | a boulder beetle changed into a torpor snail
 15599 | D:13     | Killed a torpor snail
 15707 | D:13     | Reached skill level 10 in Air Magic
 15730 | D:13     | HP: 2/47 [slime creature (18)]
 15765 | D:13     | Noticed a black mamba
 15784 | D:13     | Noticed a cyan ugly thing
 15795 | D:13     | Noticed a cyclops
 15830 | D:13     | Noticed a brown ugly thing
 16074 | D:12     | Noticed a deep elf pyromancer
 16116 | D:12     | Reached skill level 10 in Spellcasting
 16257 | D:11     | Noticed a gargoyle
 16260 | D:11     | Killed a gargoyle
 16577 | D:11     | Reached XP level 11. HP: 26/50 MP: 7/26
 16846 | D:11     | Found a frozen archway.
 16925 | IceCv    | Entered an ice cave
 17643 | IceCv    | Offered knowledge of Freeze by Vehumet.
 17645 | IceCv    | Reached ** piety under Vehumet
 18777 | IceCv    | Mangled by an anaconda simulacrum
 18778 | IceCv    | Reached XP level 10. HP: -10/48 MP: 0/25
 18798 | IceCv    | Slain by a harpy simulacrum
 18799 | IceCv    | Reached XP level 9. HP: -1/44 MP: 18/24
 19171 | IceCv    | Killed an ice statue
 19452 | IceCv    | Noticed a reaper
 19653 | IceCv    | Slain by a reaper

Illustrated notes

Levels and vault maps discovered:
D:1:      dpeg_arrival_rooms_b, layout_basic, minmay_pentomino_u4
D:2:      layout_rooms, dreamdust_ecumenical_altar_grove, corexii_shack,
          mrwooster_statue_mirror, hangedman_decor_push, uniq_robin
D:3:      layout_basic, nicolae_ru_path_of_blood,
          mainiacjoe_overflow_concentric_impassable, corner_web_ring
D:4:      cheibrodos_barr_body, layout_loops_ring,
          chequers_temple_overflow_minitemple, mainiacjoe_overflow_catwalk,
          serial_bayou_pond_b, uniq_ijyb
D:5:      layout_rooms, minmay_temple_entry_butterflies,
          hangedman_abyss_or_decor_passed
D:6:      layout_rooms, lightli_temple_of_fire, uniq_maggie
D:7:      layout_basic, nicolae_dithmenos_shadow_blocks
D:8:      layout_basic, chequers_temple_overflow_statue_of_worship,
          erik_lair_island, ebering_ghost_rock_garden, serial_bayou_pond_e
D:9:      layout_basic, vehumet_altar_wand_db
D:10:     layout_rooms, serial_shops, kennysheep_mini
D:11:     layout_irregular_city, portal_ice_cave_entry_pillars_1
D:12:     layout_loops_ring, nzn_ghost_randoct, uniq_maurice, uniq_nessos,
          uniq_urug, uniq_gastronok, uniq_fannar
D:13:     layout_cave_pools
Temple:   compressed_dpeg_triangle_lava_temple
IceCv:    ice_cave_caverns_01

Skill      XL: |  1  2  3  4  5  6  7  8  9 10 |
---------------+-------------------------------+-----
Conjurations   | 1 2 3 |  3.0
Air Magic      | 3 4 5 8 9 10 | 10.8
Fighting       | 1 2 3 4 6 7 |  7.9
Spellcasting   | 3 4 5 6 8 10 | 10.6
Necromancy     | 3 2 |  3.0
Dodging        | |  2.6
Stealth        | |  2.6

Action                   |  1- 3 |  4- 6 |  7- 9 | 10-12 || total
-------------------------+-------+-------+-------+-------++-------
Melee: Unarmed           |    36 |     5 |     8 |    14 ||    63
       Bite              |     1 |       |       |       ||     1
 Cast: Shock             |   103 |   139 |   142 |    62 ||   446
       Airstrike         |       |       |   146 |   194 ||   340
Evoke: Wand              |       |       |     9 |     8 ||    17
  Use: Scroll            |     6 |     5 |     6 |     3 ||    20
       Potion            |       |       |     1 |       ||     1
Armor: Skin              |     1 |     2 |     5 |     5 ||    13
Dodge: Dodged            |    46 |    25 |    65 |    75 ||   211

Table legend: (Time is in decaauts)
 A = Elapsed time spent in this place.
 B = Non-inter-level travel time spent in this place.
 C = Inter-level travel time spent in this place.
 D = Time resting spent in this place.
 E = Time spent auto-exploring this place.
 F = Levels seen in this place.
 G = Mean time per level.
                   A        B        C        D        E       F      G
               +--------+--------+--------+--------+--------+-----+--------+
         Total |  18229 |  17886 |    343 |   2826 |  12768 |  15 | 1215.3 |
       Dungeon |  15441 |  15100 |    341 |   2312 |  10987 |  13 | 1187.8 |
        Temple |    229 |    228 |      1 |      0 |    221 |   1 |  229.0 |
      Ice Cave |   2558 |   2558 |      0 |    514 |   1559 |   1 | 2558.0 |
               +--------+--------+--------+--------+--------+-----+--------+

Top non-repeatable levels by time:
   IceCv: 2558 daAuts
     D:6: 2078 daAuts
     D:4: 2048 daAuts
     D:1: 1725 daAuts
     D:9: 1691 daAuts
     D:8: 1676 daAuts
     D:7: 1602 daAuts
     D:3: 1225 daAuts
     D:5: 1108 daAuts
     D:2: 807 daAuts
    D:11: 656 daAuts
    D:12: 371 daAuts
    D:13: 315 daAuts
  Temple: 229 daAuts
    D:10: 135 daAuts
